 Dungeon Crawl Stone Soup version 0.17-a0-913-g36eb389 (webtiles) character file.

348 drasked the Chucker (level 6, 0/94 HPs)
             Began as an Ogre Hunter on May 3, 2015.
             Slain by Duvessa
             ... wielding a +0 short sword
              (5 damage)
             ... on level 3 of the Dungeon.
             The game lasted 00:29:22 (5976 turns).

drasked the Chucker (Ogre Hunter)                   Turns: 5976, Time: 00:29:22

Health: 0/94       AC: 23    Str: 20    XL:     6   Next: 60%
Magic:  6/6        EV:  1    Int: 10    God:
Gold:   89         SH:  0    Dex: 10    Spells: 0 memorised, 5 levels left

rFire  . . .     SeeInvis .     j - +0 club
rCold  . . .     Clarity  .     (armour currently unavailable)
rNeg   + + +     SustAb   .     (no shield)
rPois  +         Gourm    .     (helmet currently unavailable)
rElec  .         Spirit   .     (cloak currently unavailable)
rCorr  .         Warding  .     (gloves unavailable)
rMut   .         NoTele   +     (boots unavailable)
MR     .....                    (no amulet)
Stlth  ++........               (no ring)
                                (no ring)

@: tree-form, not resistant to hostile enchantments, unstealthy
A: unfitting armour, (tough skin 0)
a: no special abilities


You were on level 3 of the Dungeon.
You were hungry.
You were a tree.
You visited 1 branch of the dungeon, and saw 4 of its levels.

You collected 89 gold pieces.

Inventory:

Hand weapons
 j - a +0 club (weapon)
   (You took it off a kobold on level 1 of the Dungeon)
Missiles
 c - 2 throwing nets {=f, !d}
 h - 44 stones
 x - 2 large rocks (quivered) {!d}
Armour
 d - a +0 robe (melded)
Jewellery
 v - an uncursed amulet of resist corrosion {unknown}
   (You found it on level 3 of the Dungeon)
Magical devices
 r - a wand of polymorph (8)
   (You took it off Robin on level 2 of the Dungeon)
 w - a wand of magic darts (36)
   (You found it on level 3 of the Dungeon)
Scrolls
 f - a scroll of amnesia
 p - 3 scrolls of identify
Potions
 l - a potion of agility
 m - a potion of lignification {!q}
 u - a potion of magic
Comestibles
 e - a bread ration {@e1}


   Skills:
 + Level 4.4 Fighting
 * Level 5.0 Maces & Flails
 + Level 5.5 Throwing
 - Level 3.0 Dodging
 - Level 1.3 Stealth


You had 5 spell levels left.
You didn't know any spells.

Dungeon Overview and Level Annotations

Branches:
Dungeon (4/15)
 Temple: D:4-7

Altars:
Fedhas
Qazlal

Annotations:
D:3 Duvessa


Innate Abilities, Weirdness & Mutations

You are too large for most types of armour.
((You have tough skin (AC +1).))


Message History

You resist with some effort.
There is a stone staircase leading up, spattered with blood here.
What do you say? t - Shout!
Orders for allies: a - Attack new target. r - Retreat! s - Stop attacking. w - Wait here. f - Follow me.
Anything else - Stay silent.
You shout for attention!
There is a stone staircase leading up, spattered with blood here.
Health restored: 62 You hit Dowan but do no damage.
Dowan hits you with a dagger.
You take 1 damage, and have 61/62 hp.
You closely miss Dowan. Dowan hits you but does no damage.
You hit Dowan.
You climb upwards.
There is a stone staircase leading down here.
There is an open door, spattered with blood here.
You see here 2 tomahawks.
You see here 2 tomahawks.
You see here a falchion.
You see here a falchion.
There is an open door, spattered with blood here.
Things that are here:
a leather armour; a tomahawk; a mace
Things that are here:
a ring mail; a whip
There is a stone staircase leading down, spattered with blood here.
Things that are here:
a club; 3 potions of poison {!q}; Health restored: 62 You climb downwards.
Level annotation: Dowan, Duvessa
There is a stone staircase leading up, spattered with blood here.
Dowan casts a spell.
Dowan blinks!
Dowan points at you and mumbles some strange words.
The puff of flame misses you.
There is a stone staircase leading up, spattered with blood here.
Quiver which item? (- for none, * to show all) (? for menu, Esc to quit)
Quivering
x - 2 large rocks {!d} for throwing.
Aim: Dowan, wielding a dagger and wearing a robe You throw a large rock {!d}.
The large rock {!d} hits Dowan!
Dowan hits you with a dagger.
You take 4 damage, and have 58/62 hp.
Aim: Dowan, wielding a dagger and wearing a robe (moderately wounded)
You throw a large rock {!d}. The large rock {!d} hits Dowan!
You hear a shout!
Dowan points at you and mumbles some strange words.
The puff of flame hits you!
You take 7 damage, and have 51/62 hp.
You hit Dowan but do no damage. Dowan closely misses you.
You hit Dowan.
You kill Dowan!
You hear a distant scream of rage.
Your Maces & Flails skill increases to level 5!
Duvessa goes berserk!
Things that are here:
a dagger; a robe; 2 large rocks {!d}
x - 2 large rocks {!d} Duvessa hits you with a short sword! x2
You take 27 damage, and have 24/63 hp.
MASSIVE DAMAGE!!
There is a stone staircase leading up, spattered with blood here.
Duvessa barely misses you. Duvessa hits you with a short sword!
* * * LOW HITPOINT WARNING * * *
You climb upwards.
There is a stone staircase leading down, spattered with blood here.
Things that are here:
a club; 3 potions of poison {!q} You take 16 damage, and have 8/63 hp.
MASSIVE DAMAGE!!
Drink which item? (? for menu, Esc to quit)
Really quaff
m - 2 potions of lignification {!q}?
You turn into a tree.
Your +0 robe melds into your body.
Your roots penetrate the ground.
Duvessa hits you but does no damage.
You now have 13/94 hp.
You hit Duvessa. Duvessa hits you but does no damage.
Duvessa hits you but does no damage.
You hit Duvessa. Duvessa hits you but does no damage.
You hit Duvessa but do no damage. Duvessa hits you with a short sword!
* * * LOW HITPOINT WARNING * * *
Duvessa hits you but does no damage.
You take 9 damage, and have 4/94 hp.
Drink which item? (? for menu, Esc to quit)
You feel better. Duvessa hits you with a short sword!
* * * LOW HITPOINT WARNING * * *
You regained 2 hp, and now have 6/94 hp.
Drink which item? (? for menu, Esc to quit)
You feel better. Duvessa hits you with a short sword.
* * * LOW HITPOINT WARNING * * *
Duvessa hits you but does no damage.
You regained 5 hp, and now have 11/94 hp.
You hit Duvessa but do no damage. Duvessa hits you with a short sword!
* * * LOW HITPOINT WARNING * * *
You take 7 damage, and have 4/94 hp.
You hit Duvessa. Duvessa hits you but does no damage.
Duvessa hits you but does no damage.
You hit Duvessa but do no damage. Duvessa hits you but does no damage.
You hit Duvessa but do no damage. Duvessa hits you with a short sword.
You die...

.#...#.#.#.#....# #.#...# #...
.#####.#.#..#######.....######...
.#...#...#.......................
.#.#.#...#..####..###....#####...
<#.#.....#..###..........# #...
##.###...#...##..(......## ##..
#.#...#.....##........## #..
#.#.#.#..##...........########..
#.#.#.#........♣...[..[)..)(..(.
#.#.#....##....e......##########
#.#.#.................# #..
#...............))##### #..
#####........._...# #..
#.............# #..
#.............# #..
#........###### ### #........#
######


You could see Duvessa (berserk).

Vanquished Creatures
  Dowan (D:4)
  2 orc wizards
  A worker ant (D:3)
  Robin (D:2)
  A gnoll (D:1)
  8 adders
  A worm (D:2)
  4 giant geckos
  7 orcs
  15 bats
  6 giant cockroaches
  13 hobgoblins
  13 jackals
  7 kobolds
  3 quokkas
  A ball python (D:3)
  7 giant newts
  16 goblins
  10 rats
117 creatures vanquished.

Notes
Turn   | Place    | Note
--------------------------------------------------------------
     0 | D:1      | drasked, the Ogre Hunter, began the quest for the Orb.
     0 | D:1      | Reached XP level 1. HP: 22/22 MP: 1/1
     9 | D:1      | Noticed a giant frog
   178 | D:1      | Reached skill level 1 in Stealth
   204 | D:1      | Reached skill level 2 in Dodging
   238 | D:1      | Reached XP level 2. HP: 29/29 MP: 2/2
   383 | D:1      | Reached skill level 1 in Maces & Flails
   440 | D:1      | Reached XP level 3. HP: 32/36 MP: 3/3
   673 | D:1      | Reached skill level 3 in Fighting
  1481 | D:2      | Reached XP level 4. HP: 40/45 MP: 4/4
  1896 | D:2      | Noticed Robin
  1901 | D:2      | Reached skill level 2 in Maces & Flails
  1917 | D:2      | Killed Robin
  2620 | D:3      | Reached skill level 3 in Dodging
  2620 | D:3      | Reached XP level 5. HP: 47/53 MP: 5/5
  2688 | D:3      | Found a blossoming altar of Fedhas.
  2721 | D:3      | Reached skill level 5 in Throwing
  3084 | D:2      | Reached skill level 3 in Maces & Flails
  3371 | D:3      | Found a stormy altar of Qazlal.
  3996 | D:4      | Noticed Duvessa
  4000 | D:3      | Reached skill level 4 in Fighting
  4000 | D:3      | Reached skill level 4 in Maces & Flails
  4000 | D:3      | Reached XP level 6. HP: 34/62 MP: 6/6
  4398 | D:4      | Noticed Dowan
  4498 | D:3      | HP: 15/62 [adder (1)]
  5961 | D:4      | Killed Dowan
  5961 | D:4      | Reached skill level 5 in Maces & Flails
  5965 | D:4      | HP: 8/63 [Duvessa/short sword (16)]
  5970 | D:3      | HP: 4/94 [Duvessa/short sword (9)]
  5976 | D:3      | Slain by Duvessa

Action                   |  1- 3 |  4- 6 || total
-------------------------+-------+-------++-------
Melee: Short sword       |    15 |       ||    15
       Club              |    41 |   280 ||   321
Throw: Stone             |    83 |   204 ||   287
       Large rock        |     5 |    32 ||    37
Evoke: Wand              |       |     4 ||     4
  Use: Scroll            |       |    11 ||    11
       Potion            |       |     6 ||     6
 Stab: Sleeping          |     1 |       ||     1
  Eat: Chunk             |     1 |    10 ||    11
       Bread ration      |       |     1 ||     1

Vault maps used:
D:1:      evilmike_arrival_come_back, serial_bayou_pond_d,
          hangedman_decor_clover_reticule, st_stairs_13
D:2:      uniq_robin
D:3:      overflow_temple_1_default, nicolae_qazlal_general_emergency,
          first_bread
D:4:      grunt_temple_overflow_holy_war, xom_redecorated, old_standard_altar,
          serial_bayou_lake_a, uniq_duvessa, uniq_natasha

Table legend:
 A = Turns spent in this place as a percentage of turns spent in the entire game.
 B = Non-inter-level travel turns spent in this place as a percentage of non-inter-level travel turns spent in the entire game.
 C = Inter-level travel turns spent in this place as a percentage of turns spent in this place.
 D = Turns resting spent in this place as a percentage of non-inter-level travel turns spent in this place.
 E = Turns spent auto-exploring this place as a percentage of non-inter-level travel turns spent in this place.
 F = Non-inter-level travel turns spent in this place divided by the number of levels of this place that you've seen.
                   A       B       C       D       E      F
               +-------+-------+-------+-------+-------+----------------------
         Total | 100.0 | 100.0 |   1.9 |   3.0 |   8.7 | 392.8
       Dungeon | 100.0 | 100.0 |   1.9 |   3.0 |   8.7 | 392.8
               +-------+-------+-------+-------+-------+----------------------

Table legend:
 A = Kills in this place as a percentage of kills in entire the game.
 B = Kills by you in this place as a percentage of kills by you in the entire game.
 C = Kills by friends in this place as a percentage of kills by friends in the entire game.
 D = Other kills in this place as a percentage of other kills in the entire game.
 E = Experience gained in this place as a percentage of experience gained in the entire game.
 F = Experience gained in this place divided by the number of levels of this place that you have seen.
                   A       B       C       D       E      F
               +-------+-------+-------+-------+-------+----------------------
         Total | 100.0 | 100.0 |  -nan |  -nan | 100.0 | 124.5
       Dungeon | 100.0 | 100.0 |  -nan |  -nan | 100.0 | 124.5
               +-------+-------+-------+-------+-------+----------------------
